 Dungeon Crawl Stone Soup version 0.20-a0-537-g052e6ba (webtiles) character file.

324 Alarkh the Chopper (level 6, -2/47 HPs)
             Began as a Demonspawn Monk on Jan 28, 2017.
             Killed by divine providence
             ... invoked by an orc priest
              (8 damage)
             ... on level 3 of the Dungeon.
             The game lasted 00:03:24 (2556 turns).

Alarkh the Chopper (Demonspawn Monk)                Turns: 2556, Time: 00:03:25

Health: -2/47      AC:  4    Str: 11    XL:     6   Next: 23%
Magic:  6/6        EV: 13    Int: 13    God:
Gold:   121        SH:  0    Dex: 16    Spells: 5/5 levels left

rFire    + . .     SeeInvis .   a - +0 hand axe
rCold    + . .     Gourm    .   b - +0 robe
rNeg     + . .     Faith    .   (no shield)
rPois    .         Spirit   .   (helmet restricted)
rElec    .         Reflect  .   (no cloak)
rCorr    .         Harm     .   v - +0 pair of gloves
MR       .....     Clarity  +   i - +0 pair of boots
Stlth    ++........             q - amulet of regeneration
Regen    0.6/turn               d - ring of positive energy
                                h - ring of protection from fire

@: no status effects
A: horns 1, clarity, cold resistance 1, demonic guardian 1, powered by death 1,
sturdy frame 1
a: no special abilities


You were on level 3 of the Dungeon.
You were not hungry.

You visited 1 branch of the dungeon, and saw 3 of its levels.

You collected 121 gold pieces.

Inventory:

Hand Weapons
 a - a +0 hand axe (weapon)
Armour
 b - a +0 robe (worn)
 i - a +0 pair of boots (worn)
 v - a +0 pair of gloves (worn)
Magical Staves
 s - an uncursed staff of conjuration
Jewellery
 d - a ring of positive energy (right hand)
 h - a ring of protection from fire (left hand)
 q - an amulet of regeneration (around neck)
 r - an uncursed ring of magical power
Scrolls
 e - 2 scrolls of identify
 f - a scroll of fog
 g - a scroll of recharging
 j - a scroll of remove curse
 n - a scroll of amnesia {unknown}
 p - a scroll of random uselessness {unknown}
 t - a scroll of noise {unknown}
 u - 2 scrolls of fear {unknown}
Comestibles
 c - 2 bread rations
 k - a royal jelly
 l - 3 meat rations
 m - 9 chunks of flesh
 o - 5 fruits


   Skills:
 - Level 3.0 Fighting
 + Level 6.4 Axes
 - Level 2.6 Dodging
 - Level 1.7 Stealth


You had 5 spell levels left.
You didn't know any spells.

Dungeon Overview and Level Annotations

Branches:
Dungeon (3/15)

Altars:
Ashenzari
Vehumet

Annotations:
D:3 1 runed door


Innate Abilities, Weirdness & Mutations

A weak demonic guardian rushes to your aid.
You regenerate a little health from kills.
Your movements are slightly less encumbered by armour. (ER -2)
You have a pair of small horns on your head.
You possess an exceptional clarity of mind.
Your flesh is cold resistant. (rC+)


Message History

The orc wizard blinks!
The orc priest hits you.
* * * LOW HITPOINT WARNING * * *
The orc wizard mumbles some strange words.
The orc wizard seems to speed up.
You hit the orc priest. Your headbutt misses the orc priest.
The orc priest is almost dead.
You hit the orc wizard.
The orc wizard casts a spell.
The orc wizard blinks!
The orc wizard closely misses you. The orc priest barely misses you.
Your white imp barely misses the orc priest.
You closely miss the orc priest. Your headbutt misses the orc priest.
The orc priest is almost dead.
You closely miss the orc wizard.
The orc wizard gestures at you while chanting.
The magic dart hits you!
* * * LOW HITPOINT WARNING * * *
The orc priest invokes the aid of Beogh against you.
Beogh smites you!
You die...

......# #........# ##.# #...<#
......###........# #.## #....#
.................# ##.# ##...#
.......########..# ##.## #.#.#
.......# #..# ##...# #....
##...(.########.§# #....# #....
.................# ##..## ##....
##+##..##......o.####....###..#..
# #..........5@o.)....<.....>.. #
#.......###..o..##.#)###.#... #
####.######..##)##.#.##......
##+##.⌠#..##.................#...
.......#.....###..#..#.#.#..###.#
......###.#.......#....#.....#...
......#...#.(#(##.#..#........._.
.._...'...#....##.#.......[..#...
......#.......###..#........###.#


You could see an orc priest, 2 orc wizards and a friendly white imp.

Vanquished Creatures
  Jessica (D:3)
  Terence (D:2)
  Robin (D:2)
  An adder (D:3)
  An ooze (D:3)
  A worm (D:3)
  3 dart slugs
  A leopard gecko (D:3)
  5 orcs (D:3)
  8 bats
  6 giant cockroaches
  14 goblins
  12 hobgoblins
  6 jackals
  5 kobolds
  2 quokkas (D:3)
  2 ball pythons
  4 frilled lizards
  4 rats
78 creatures vanquished.

Vanquished Creatures (collateral kills)
  Grinder (D:3)
  2 orcs (D:3)
3 creatures vanquished.

Grand Total: 81 creatures vanquished

Notes
Turn   | Place    | Note
-------+----------+-------------------------------------------
     0 | D:1      | Alarkh the Demonspawn Monk began the quest for the Orb.
     0 | D:1      | Reached XP level 1. HP: 18/18 MP: 1/1
    85 | D:1      | Reached skill level 3 in Axes
   271 | D:1      | Gained mutation: Your movements are slightly less encumbered by armour. (ER -2) [demonic ancestry]
   271 | D:1      | Reached XP level 2. HP: 24/24 MP: 2/2
   988 | D:2      | Reached XP level 3. HP: 17/29 MP: 3/3
  1027 | D:2      | Noticed Terence
  1186 | D:3      | Gained mutation: Your flesh is cold resistant. (rC+) [potion of mutation]
  1186 | D:3      | Gained mutation: You possess an exceptional clarity of mind. [potion of mutation]
  1186 | D:3      | Gained mutation: You have a pair of small horns on your head. [potion of mutation]
  1195 | D:2      | Killed Terence
  1195 | D:2      | Reached skill level 4 in Axes
  1221 | D:2      | Reached XP level 4. HP: 29/35 MP: 4/4
  1840 | D:3      | Found a radiant altar of Vehumet.
  1852 | D:3      | Noticed Jessica
  1860 | D:3      | Killed Jessica
  1887 | D:3      | Noticed Robin
  1891 | D:3      | Noticed Grinder
  1891 | D:3      | Reached skill level 5 in Axes
  2034 | D:2      | Killed Robin
  2034 | D:2      | Gained mutation: A weak demonic guardian rushes to your aid. [demonic ancestry]
  2034 | D:2      | Reached XP level 5. HP: 23/41 MP: 5/5
  2120 | D:3      | Paralysed by Grinder for 4 turns
  2124 | D:3      | Killed Grinder
  2124 | D:3      | Reached skill level 6 in Axes
  2124 | D:3      | Gained mutation: You regenerate a little health from kills. [demonic ancestry]
  2124 | D:3      | Reached XP level 6. HP: 30/47 MP: 6/6
  2227 | D:3      | Found a shattered altar of Ashenzari.
  2530 | D:3      | Found a runed door.
  2556 | D:3      | Killed from afar by an orc priest

Vault maps used:
D:1:      saegor_arrival_simple_b, minmay_crystal_water,
          minmay_misc_feat_more_columns
D:2:      kennysheep_the_goblin_king, uniq_terence
D:3:      evilmike_ruin_ashenzari, vehumet_crystals, minmay_misc_feat_cross,
          uniq_robin, uniq_crazy_yiuf_cottage, uniq_jessica, uniq_grinder

Skill      XL: |  1  2  3  4  5 |
---------------+----------------+-----
Axes           | 3 4 5 6 |  6.4
Fighting       | |  3.0
Dodging        | |  2.6
Stealth        | |  1.7

Action                   |  1- 3 |  4- 6 || total
-------------------------+-------+-------++-------
Melee: Hand axe          |    74 |   152 ||   226
       Headbutt          |     1 |    26 ||    27
  Use: Potion            |     5 |     2 ||     7
       Scroll            |       |     3 ||     3
 Stab: Sleeping          |     3 |       ||     3
  Eat: Chunk             |     1 |     4 ||     5
Armor: Robe              |    19 |    37 ||    56
Dodge: Dodged            |    77 |   132 ||   209
